 Dungeon Crawl Stone Soup version 0.25.0-15-gac7dcb8919 (webtiles) character file.

Game seed: 1645603671783396885

22 protoss039 the Shooter (level 2, -3/23 HPs)
             Began as a Centaur Arcane Marksman on June 29, 2020.
             Slain by a gnoll
             ... wielding a +0 halberd
              (13 damage)
             ... on level 1 of the Dungeon.
             The game lasted 00:01:30 (708 turns).

protoss039 the Shooter (Centaur Arcane Marksman)     Turns: 708, Time: 00:01:30

Health: -3/23      AC:  5    Str: 12    XL:     2   Next: 68%
Magic:  3/3        EV: 10    Int: 12    God:
Gold:   70         SH:  0    Dex:  9    Spells: 2/3 levels left

rFire    . . .     SeeInvis .   a - +0 shortbow
rCold    . . .     Gourm    .   (shield currently unavailable)
rNeg     . . .     Faith    .   e - +0 robe
rPois    .         Spirit   .   (no helmet)
rElec    .         Reflect  .   c - +0 cloak
rCorr    .         Harm     .   (no gloves)
MR       .....                  (no barding)
Stlth    +.........             (no amulet)
HPRegen  0.07/turn              (no ring)
MPRegen  0.08/turn              (no ring)

@: very quick
A: large, hooves 3, deformed body, speed 2, tough skin 3
a: no special abilities


You were on level 1 of the Dungeon.
You were not hungry.

You visited 1 branch of the dungeon, and saw 1 of its levels.

You collected 70 gold pieces.

Inventory:

Hand Weapons
 a - a +0 shortbow (weapon)
Missiles
 d - 22 arrows (quivered)
Armour
 c - a +0 cloak (worn)
 e - a +0 robe (worn)
Scrolls
 g - 2 scrolls of identify {unknown}
 k - a scroll of blinking {unknown}
 l - a scroll of enchant armour {unknown}
Potions
 h - a potion of resistance {unknown}
 i - 2 potions of curing {unknown}
 j - a potion of heal wounds {unknown}
Comestibles
 b - 6 chunks of flesh
 f - a ration


   Skills:
 + Level 1.4 Fighting
 + Level 3.3 Bows
 + Level 1.5 Dodging
 + Level 1.0 Spellcasting
 + Level 3.1 Hexes


You had 2 spell levels left.
You knew the following spells:

 Your Spells              Type           Power        Failure   Level  Hunger
a - Corona                Hex            #......      9%          1    ##.....

Your spell library contained the following spells:

 Spells                   Type           Power        Failure   Level  Hunger
 Slow                     Hex            #.......     13%         2    ###....
 Inner Flame              Hex/Fire       #.......     43%         3    ####...
 Portal Projectile        Hex/Tloc       #.....       43%         3    ####...
 Cause Fear               Hex            #.........   63%         4    #####..
 Leda's Liquefaction      Hex/Erth       #.........   85%         4    #####..


Dungeon Overview and Level Annotations

Branches:
Dungeon (1/15)

Altars:


Innate Abilities, Weirdness & Mutations

You have hooves in place of feet.
Armour fits poorly on your strangely shaped body.
You cover ground very quickly.
You have extremely tough skin. (AC +3)


Message History

You shoot an arrow. The arrow hits the gnoll.
The gnoll is heavily wounded.
The gnoll hits you with a +0 halberd!
You are too injured to fight recklessly!
You are too injured to fight recklessly!
You are too injured to fight recklessly!
You are too injured to fight recklessly!
The gnoll hits you from afar with a +0 halberd.
Search for what [? for help]? axe Can't find anything matching that.
You see here a hobgoblin skeleton.
d - 17 arrows (gained 1)
d - 18 arrows (gained 1)
d - 19 arrows (gained 1) Some of the chunks of flesh in your inventory have rotted away.
d - 20 arrows (gained 1)
d - 22 arrows (gained 2)
The gnoll hits you with a +0 halberd!
Ouch! That really hurt!
You die...

..........###......#
#####.#.....###..g.#
#.#.###...###.##
######.#...###.....#
#............###...#
###.###..............###.#
.........###.#.....###...#
##.###..# #.#g..###....##
#.g# #.#@###......## #.(#
#.#...........# #!.#
#.######....#.# .!((. ..#
######.# ###..##### .#
..(# .# ..... #.((# ##.##


You could see a gnoll.

Vanquished Creatures
  A leopard gecko (D:1)
  3 bats (D:1)
  2 giant cockroaches (D:1)
  5 goblins (D:1)
  4 hobgoblins (D:1)
  A frilled lizard (D:1)
  A kobold (D:1)
  2 rats (D:1)
19 creatures vanquished.

Notes
Turn   | Place    | Note
-------+----------+-------------------------------------------
     0 | D:1      | protoss039 the Centaur Arcane Marksman began the quest for
                  | the Orb.
     0 | D:1      | Reached XP level 1. HP: 16/16 MP: 2/2
    66 | D:1      | Reached XP level 2. HP: 21/23 MP: 3/3
   708 | D:1      | Slain by a gnoll

Illustrated notes

Levels and vault maps discovered:
D:1:      tarquinn_simple_flora_water_d, layout_loops_ring, minmay_unequal

Skill      XL: |  1  2 |
---------------+-------+-----
Hexes          | 3 |  3.1
Bows           | 3 |  3.3
Fighting       | |  1.4
Dodging        | |  1.5
Spellcasting   | |  1.0

Action                   || total
-------------------------++-------
 Fire: Shortbow          ||    74
Armor: Robe              ||     6
Dodge: Dodged            ||    13
